AoeStats
← la Campanella

Nomad

507470517Analyzed
4v4 RM · 14d ago on Sep 18, 2026· 57m 55s· 8 players
Game mode
Random Map
Map size
231×231
Population
200
Speed
Normal
Resources
Standard
Victory
Conquest
Starting age
Dark Age
Ending age
Imperial Age
RankedLock teamsTeams togetherTeam positionsShared explorationLock speedFull tech treeHidden civsTurbo modeCheats
Victory
Defeat
🇨🇳 Spanish · China
1164
+13
🇨🇳 Vikings · China
1153
+14
🇨🇳 Georgians · China
1098
+16
🇨🇳 Magyars · China
1043
+19
🇨🇦 Japanese · Canada
1158
-18
🇺🇸 Persians · United States
1122
-16
🇰🇼 Koreans · Kuwait
1093
-15
🇦🇲 Byzantines · Armenia
1045
-13
g.mag
9:44 Loom
14:35 Feudal Age
15:23 Fishing Lines
17:47 Double-Bit Axe
21:06 Castle Age
20:29 Gold Mining
20:33 Stone Mining
23:34 Wheelbarrow
26:06 Horse Collar
26:39 Bow Saw
28:11 Heavy Plow
29:21 Hand Cart
31:37 Husbandry
35:15 Imperial Age
33:07 Scale Barding Armor
33:34 Caravan
34:08 Forging
36:31 Logistica
37:10 Pikeman
37:51 Squires
38:51 Chain Barding Armor
39:07 Iron Casting
41:59 Plate Barding Armor
44:45 Chemistry
44:05 Ballistics
44:00 Fletching
44:11 Padded Archer Armor
43:45 Elite Skirmisher
45:30 Thumb Ring
45:24 Bodkin Arrow
46:36 Bracer
46:52 Leather Archer Armor
48:59 Two-Man Saw
47:43 Halberdier
49:54 Murder Holes
52:06 Bracer
52:22 Leather Archer Armor
52:36 Scale Mail Armor
Poster3542
5:33 Loom
16:22 Feudal Age
19:19 Fletching
22:05 Castle Age
23:11 Double-Bit Axe
25:04 Wheelbarrow
25:38 Fishing Lines
27:11 Bodkin Arrow
27:52 Ballistics
27:13 Treadmill Crane
36:58 Murder Holes
38:38 Bow Saw
39:12 Eupseong
40:01 Stone Mining
40:55 Hand Cart
40:40 Gillnets
49:27 Imperial Age
54:43 Imperial Age
Burger Meister
5:15 Loom
16:17 Feudal Age
18:22 Forging
20:59 Castle Age
19:47 Scale Mail Armor
21:06 Stone Mining
23:34 Demolition Ship
24:08 Double-Bit Axe
27:00 Medium Warships
28:58 Iron Casting
28:38 Chain Mail Armor
28:17 Horse Collar
29:26 Wheelbarrow
28:46 Gold Mining
31:03 Man-at-Arms
36:57 Hand Cart
36:53 Long Swordsman
37:50 Chain Mail Armor
45:41 Pikeman
mark_aoe_2024
8:56 Loom
9:07 Loom
14:29 Feudal Age
15:51 Double-Bit Axe
19:37 Castle Age
18:07 Fishing Lines
18:21 Stone Mining
19:19 Gold Mining
21:47 Fletching
26:42 Bodkin Arrow
29:36 Ballistics
29:58 Wheelbarrow
31:43 Gold Shaft Mining
34:15 Imperial Age
33:05 Hand Cart
35:07 Murder Holes
38:04 Chemistry
38:35 Masonry
41:45 Kamandaran
42:08 Conscription
44:46 Architecture
44:21 Pikeman
45:02 Squires
46:21 Citadels
52:35 Halberdier
uu
9:32 Loom
15:13 Feudal Age
19:10 Castle Age
21:36 Wheelbarrow
21:50 Horse Collar
23:06 Stone Mining
23:22 Heavy Plow
24:36 Hand Cart
25:05 Double-Bit Axe
25:41 Gold Mining
26:06 Bow Saw
27:17 Stone Shaft Mining
31:41 Town Watch
34:35 Imperial Age
32:39 Forging
34:43 Iron Casting
34:13 Scale Barding Armor
35:51 Conscription
36:34 Blast Furnace
36:29 Chain Barding Armor
35:41 Cavalier
36:59 Husbandry
37:09 Bloodlines
37:25 Paladin
39:29 Plate Barding Armor
40:54 Two-Man Saw
erickisonduty
7:06 Loom
17:15 Feudal Age
18:39 Fishing Lines
22:34 Castle Age
20:22 Double-Bit Axe
23:38 Wheelbarrow
23:43 Medium Warships
23:30 Gillnets
25:09 Bow Saw
28:21 Horse Collar
30:14 Hand Cart
30:17 Heavy Plow
34:40 Imperial Age
32:13 Corvinian Army
32:29 Husbandry
32:39 Bloodlines
35:03 Thumb Ring
35:30 Fletching
35:41 Padded Archer Armor
36:12 Conscription
36:01 Padded Archer Armor
38:55 Crop Rotation
41:33 Parthian Tactics
41:12 Recurve Bow
45:26 Heavy Cavalry Archer
46:06 Bodkin Arrow
48:49 Bracer
51:40 Gold Mining
51:43 Stone Mining
53:08 Two-Man Saw
54:29 Leather Archer Armor
54:20 Scale Barding Armor
55:14 Elite Magyar Huszar
58:09 Devotion
la Campanella
11:07 Loom
17:15 Feudal Age
19:24 Bloodlines
25:47 Castle Age
24:57 Scale Barding Armor
25:03 Forging
25:01 Double-Bit Axe
27:40 Gold Mining
27:32 Horse Collar
28:08 Fletching
28:40 Chain Barding Armor
31:52 Iron Casting
35:10 Bodkin Arrow
41:09 Imperial Age
55:53 Conscription
58:05 Chemistry
GoMidNotCorner
13:23 Feudal Age
17:28 Castle Age
17:05 Loom
17:06 Town Watch
17:41 Fletching
17:39 Fishing Lines
18:49 Double-Bit Axe
21:37 Forging
23:11 Gillnets
33:35 Fervor
40:02 Imperial Age
41:42 Gold Mining
43:53 Block Printing
48:30 Bow Saw
47:47 Crossbowman
49:44 Bodkin Arrow
49:50 Padded Archer Armor
51:10 Bracer
51:26 Leather Archer Armor
51:38 Arbalester
53:06 Conscription
54:14 Ring Archer Armor
54:30 Gold Shaft Mining
55:34 Bogsveigar
57:00 Chemistry
56:46 Ballistics
Connection lost

Rejoining the realm…

Still unreachable

The connection could not be restored.

Session expired

The server has moved on; the page needs a fresh start.